 Dungeon Crawl Stone Soup version 0.29.1-15-g9cfb28693d (webtiles) character file.

Game seed: 3015320688062029378

1 croobank the Sneak (level 1, 0/16 HPs)
             Began as an Octopode Delver on Feb 25, 2023.
             Succumbed to an adder's poison
             ... on level 4 of the Dungeon.
             The game lasted 00:01:14 (74 turns).

croobank the Sneak (Octopode Delver)                  Turns: 74, Time: 00:01:15

Health: 0/16       AC:  1    Str: 11    XL:     1   Next: 20%
Magic:  1/1        EV: 13    Int: 12    God:
Gold:   0          SH:  0    Dex: 13    Spells: 0/0 levels left

rFire   . . .      SeeInvis .   a - +0 hand axe
rCold   . . .      Faith    .   (no shield)
rNeg    . . .      Spirit   .   (helmet restricted)
rPois   .          Reflect  .   (no amulet)
rElec   .          Harm     .   (no ring)
rCorr   .          Rampage  .   (no ring)
Will    .....                   (no ring)
Stlth   ++++......              (no ring)
HPRegen 0.05/turn               (no ring)
MPRegen 0.07/turn               (no ring)
                                (no ring)
                                (no ring)

@: lethally poisoned (0 -> -2)
A: almost no armour, amphibious, 8 rings, camouflage 1, gelatinous body 1,
(nimble swimmer 1), tentacles
a: no special abilities


You were on level 4 of the Dungeon.
You visited 1 branch of the dungeon, and saw 3 of its levels.

Inventory:

Hand Weapons
 a - a +0 hand axe (weapon)
Wands
 f - a wand of digging (2)
Scrolls
 b - a scroll of fog


   Skills:
 + Level 3.0 Fighting
 + Level 2.0 Axes
 + Level 2.0 Dodging
 + Level 6.6 Stealth


You couldn't memorise any spells.
You didn't know any spells.
Your spell library was empty.

Dungeon Overview and Level Annotations

Branches:
Dungeon (6/15)
 Temple: D:4-7

Altars:


Innate Abilities, Weirdness & Mutations

You cannot wear most types of armour.
You are amphibious.
You can wear up to eight rings at the same time.
Your skin changes colour to match your surroundings (Stealth+).
Your rubbery body absorbs attacks. (AC +1, EV +1)
((You are camouflaged when in or above water. (Stealth+)))
You have tentacles for arms and can constrict up to eight enemies at once.


Message History

Found a stone staircase leading up.
An adder comes into view.
Found a stone staircase leading down.
Found a scroll labelled BIAFRAS PYIPTA.
The helpless ball python fails to defend itself.
You hit the ball python. You grab the ball python.
The ball python is heavily wounded.
You feel yourself slow down.
You constrict the ball python, but do no damage.
The adder hisses angrily.
The ball python bites you. The ball python closely misses you.
You hit the ball python.
You kill the ball python!
A hound comes into view.
You see here a ball python corpse.
The adder bites you.
Found an escape hatch in the floor.
The adder bites you.
You are lethally poisoned!
The adder poisons you!
* * * LOW HITPOINT WARNING * * *
You feel sick.
There is a stone staircase leading up here.
As you read the scroll of fear, it crumbles to dust.
You assume a fearsome visage.
The adder looks frightened!
The hound looks frightened!
The hound barks!
* * * LOW HITPOINT WARNING * * *
You feel sick.
You aren't carrying any potions.
As you read the scroll labelled YCOYNU SEBI, it crumbles to dust.
It is a scroll of identify.
You don't have any unidentified items.
* * * LOW HITPOINT WARNING * * *
You feel sick.
* * * LOW HITPOINT WARNING * * *
You feel sick.
* * * LOW HITPOINT WARNING * * *
You feel sick.
You die...

# ..#.##
#.########....#####.
##..>....##..........
.S..........##..........
####.......S##.?........
....#..................
.....#.....†............
........:...##..........
.?!..#......##..@.......
###..#...h..##>.........
##.######.......... #>
#########.# # #


You could see an adder (fleeing).

Vanquished Creatures
  A ball python (D:4)
1 creature vanquished.

Notes
Turn   | Place    | Note
-------+----------+-------------------------------------------
     0 | D:5      | croobank the Octopode Delver began the quest for the Orb.
     0 | D:5      | Reached XP level 1. HP: 16/16 MP: 1/1
     4 | D:5      | Noticed an iguana
     8 | D:6      | Noticed a scorpion
     8 | D:6      | Noticed a steam dragon
    23 | D:5      | Noticed a necrophage
    64 | D:4      | Noticed a hound
    74 | D:4      | Succumbed to an adder's poison

Illustrated notes

Levels and vault maps discovered:
D:4:      layout_rooms, nicolae_overflow_crystal_walls, kennysheep_little_box
D:5:      layout_gridville, due_unseen_surprise
D:6:      layout_cave_pools, minmay_temple_entry_arrows

Action                   || total
-------------------------++-------
Melee: Hand axe          ||     2
       Constrict         ||     1
Evoke: Wand              ||     1
  Use: Scroll            ||     3
       Potion            ||     1
 Stab: Sleeping          ||     1
Dodge: Dodged            ||     1
